 Dungeon Crawl Stone Soup version bcrawl-1.15-1-g696c4cd9b6 (webtiles) character file.

Game seed: 1296625666288777539

128 MisterOstroum the Skirmisher (level 4, -3/41 HPs)
             Began as a Minotaur Archaeologist on Sept 23, 2019.
             Killed by nerve-wracking pain
             ... invoked by Grinder
              (10 damage)
             ... on level 3 of the Dungeon.
             The game lasted 00:04:45 (2254 turns).

MisterOstroum the Skirmisher (MiAc)                 Turns: 2254, Time: 00:04:45

Health: -3/41      AC:  6    Str: 17    XL:     4   Next: 87%
Magic:  3/3        EV:  9    Int: 11    God:
Gold:   220        SH:  6    Dex:  8    Spells: 3/3 levels left

rFire    . . .     SeeInvis .   a - +0 whip
rCold    . . .     Gourm    .   v - +0 shield
rNeg     . . .     Faith    .   b - +1 robe
rPois    .         Spirit   .   c - +1 hat
rElec    .         Reflect  .   (no cloak)
rCorr    .         Harm     .   (no gloves)
MR       +....     Rnd*Tele +   d - +1 pair of boots
Stlth    ++........             (no amulet)
HPRegen  0.13/turn              n - ring of teleportation (curse)
MPRegen  0.08/turn              u - ring of protection from magic

@: studying Unarmed Combat
A: retaliatory headbutt, horns 2
a: no special abilities


You were on level 3 of the Dungeon.
You were not hungry.

You visited 1 branch of the dungeon, and saw 3 of its levels.

You collected 220 gold pieces.

Inventory:

Hand Weapons
 a - a +0 whip (weapon)
Missiles
 i - 575 stones (quivered)
Armour
 b - a +1 robe (worn)
 c - a +1 hat (worn)
 d - a +1 pair of boots (worn)
 v - a +0 shield (worn)
Jewellery
 n - a cursed ring of teleportation (left hand)
 u - a ring of protection from magic (right hand)
Scrolls
 h - a scroll of enchant armour {unknown}
 k - a scroll of magic mapping {unknown}
 l - a scroll of enchant weapon {unknown}
 o - a scroll of remove curse {unknown}
 p - 2 scrolls of teleportation
 r - 4 scrolls of identify
 s - a scroll of fog {unknown}
Potions
 m - a potion of curing
 q - a potion of resistance {unknown}
 t - 2 potions of degeneration {unknown}
Books
 g - a manual of Unarmed Combat
Miscellaneous
 f - an ancient crate
Comestibles
 e - 3 rations {!d}
 j - a chunk of flesh


   Skills:
 + Level 4.5 Fighting
 - Level 1.9 Maces & Flails
 - Level 3.2 Dodging
 - Level 2.6 Stealth
 + Level 3.8 Unarmed Combat


You had 3 spell levels left.
You didn't know any spells.
Your spell library was empty.

Dungeon Overview and Level Annotations

Branches:
Dungeon (3/12)

Altars:
Trog
Xom

Annotations:
D:3 Grinder


Innate Abilities, Weirdness & Mutations

You reflexively headbutt those who attack you in melee.
You have a pair of horns on your head.


Message History

There is a stone staircase leading up here.
There is a shaft here.
The jackal is too close now for your liking.
A jackal is nearby!
No target in view!
No target in view!
No target in view!
The jackal barks!
Grinder shouts!
You hear a shout!
The dart slug is too close now for your liking.
The jackal bites you but does no damage.
Grinder zaps a wand.
You resist with almost no effort.
You closely miss the jackal. Your headbutt misses the jackal.
The jackal bites you.
The jackal bites you but does no damage.
You closely miss the jackal. You headbutt the jackal.
The jackal is lightly wounded.
The jackal closely misses you.
Grinder blinks!
The jackal bites you but does no damage.
You hit the jackal but do no damage.
The jackal is lightly wounded.
You block the jackal's attack.
You closely miss the jackal.
The jackal is lightly wounded.
The jackal closely misses you.
The jackal bites you but does no damage.
You miss the jackal.
The jackal is lightly wounded.
The jackal barely misses you.
You barely miss the jackal.
The jackal is lightly wounded.
The ooze quivers.
The jackal bites you but does no damage.
The jackal bites you.
You closely miss the jackal. Your headbutt misses the jackal.
The jackal is lightly wounded.
You block the jackal's attack.
Grinder blinks!
You barely miss the jackal.
The jackal is lightly wounded.
The jackal closely misses you. The jackal bites you.
You barely miss the jackal.
The jackal is lightly wounded.
The jackal barely misses you. You furiously retaliate!
You headbutt the jackal!
You kill the jackal!
Grinder hits you but does no damage.
You closely miss Grinder. The orc barely misses you. You furiously retaliate!
You headbutt the orc!
You kill the orc!
You block Grinder's attack.
You closely miss Grinder. You headbutt Grinder!
Grinder is lightly wounded.
The ooze barely misses you. You furiously retaliate!
You headbutt the ooze!
Grinder rolls her eyes.
Grinder hits you but does no damage.
You hit Grinder.
Grinder is moderately wounded.
The ooze closely misses you. Grinder gestures at you.
You easily resist.
You barely miss Grinder.
Grinder is moderately wounded.
The ooze hits you. Grinder barely misses you.
You hit Grinder. Your headbutt misses Grinder.
Grinder is moderately wounded.
The ooze jiggles.
The ooze hits you. Grinder barely misses you. You block the ooze's attack.
Grinder hits you.
You hit Grinder but do no damage.
Grinder is moderately wounded.
The ooze hits you but does no damage. You block Grinder's attack.
You barely miss Grinder.
Grinder is moderately wounded.
The ooze hits you.
Grinder blinks!
You hit Grinder but do no damage.
Grinder is moderately wounded.
The ooze closely misses you. You block Grinder's attack.
You barely miss Grinder.
Grinder is moderately wounded.
The ooze barely misses you. Grinder gestures at you.
You easily resist.
Okay, then.
You barely miss Grinder.
Grinder is moderately wounded.
The ooze barely misses you. Grinder hits you.
You writhe in agony.
You hit Grinder.
Grinder is moderately wounded.
The ooze barely misses you. Grinder gestures at you.
You easily resist.
You feel better. The ooze hits you. Grinder hits you!
* * * LOW HITPOINT WARNING * * *
You writhe in agony.
* * * LOW HITPOINT WARNING * * *
You barely miss Grinder. You headbutt Grinder!
Grinder is severely wounded.
The ooze hits you but does no damage. Grinder gestures at you.
Pain shoots through your body!
You die...

#######....####
.....######h.#.#
..#####)...# #
.......o...#.#
#.....).######.
..#J.h...5....
#######........
..#..h.....# #####....#
#..###h.....#
...#....#########
#.w....# #J# #@# ##5#
#..# #.## #.# #.# #.#
#^#
#########.#############.


You could see Grinder, an ooze and a dart slug.

Vanquished Creatures
  An orc priest (D:2)
  2 adders
  2 oozes (D:1)
  A worm (D:2)
  A dart slug (D:1)
  4 leopard geckos
  6 orcs
  A ball python (D:1)
  2 giant cockroaches
  3 goblins (D:1)
  5 hobgoblins
  8 jackals
  A quokka (D:2)
  3 bats
  2 frilled lizards (D:2)
  9 kobolds
  5 rats (D:1)
56 creatures vanquished.

Notes
Turn   | Place    | Note
-------+----------+-------------------------------------------
     0 | D:1      | MisterOstroum the Minotaur Archaeologist began the quest
                  | for the Orb.
     0 | D:1      | Reached XP level 1. HP: 16/16 MP: 0/0
    45 | D:1      | Reached skill level 2 in Fighting
   124 | D:1      | Reached XP level 2. HP: 25/25 MP: 1/1
   308 | D:1      | Reached skill level 3 in Fighting
   415 | D:1      | Reached XP level 3. HP: 31/31 MP: 2/2
   838 | D:2      | Reached skill level 1 in Unarmed Combat
   850 | D:2      | Found a shimmering altar of Xom.
  1702 | D:2      | Reached skill level 4 in Fighting
  1702 | D:2      | Reached XP level 4. HP: 33/40 MP: 3/3
  2055 | D:3      | Noticed Grinder
  2197 | D:2      | Found a bloodstained altar of Trog.
  2254 | D:3      | Killed from afar by Grinder

Skill      XL: |  1  2  3  4 |
---------------+-------------+-----
Fighting       | 2 3 4 |  4.5
Unarmed Combat | 2 3 |  3.8
Maces & Flails | |  1.9
Dodging        | |  3.2
Stealth        | |  2.6

Action                   |  1- 3 |  4- 6 || total
-------------------------+-------+-------++-------
Melee: Whip              |   107 |    81 ||   188
       Headbutt          |    15 |    11 ||    26
Throw: Stone             |     1 |     1 ||     2
  Use: Potion            |     3 |     1 ||     4
       Scroll            |       |     3 ||     3
 Stab: Sleeping          |     5 |       ||     5
  Eat: Chunk             |     1 |     3 ||     4
Armor: Robe              |    40 |    33 ||    73
Dodge: Dodged            |    66 |    40 ||   106
Block: Shield            |     8 |    26 ||    34
